 Dungeon Crawl Stone Soup version 0.29-a0-283-ga02f740833 (webtiles) character file.

Game seed: 11846071574514457867

68762 epen the Archer (level 15, -2/111 (118) HPs)
             Began as a Gnoll Hunter on Mar 14, 2022.
             Was a High Priest of Dithmenos.
             Killed from afar by a tengu reaver (23 damage)
             ... with a bolt of cold
             ... on level 12 of the Dungeon.
             The game lasted 00:35:27 (17536 turns).

epen the Archer (Gnoll Hunter)                     Turns: 17536, Time: 00:35:28

HP:   -2/111 (118)  AC: 13    Str: 13    XL:     15   Next: 27%
MP:   29/29         EV: 26    Int:  9    God:    Dithmenos [*****.]
Gold: 1299          SH:  0    Dex: 27    Spells: 31/34 levels left

rFire   . . .      SeeInvis .   V - +4 scimitar of Entrepreneurial Spirit {spect, rN+ Will+ Str+2}
rCold   . . .      Faith    .   (no shield)
rNeg    + . .      Spirit   .   L - +1 troll leather armour
rPois   +          Reflect  .   h - +0 helmet
rElec   .          Harm     .   y - +2 cloak {rPois}
rCorr   +          Rampage  .   N - +0 pair of gloves of Death's Door {rCorr Dex+5}
Will    ++...                   (no boots)
Stlth   ++++++++..              n - amulet of regeneration
HPRegen 1.88/turn               d - +4 ring of evasion
MPRegen 0.21/turn               o - +4 ring of slaying

@: slowed, wreathed by umbra, drained, very slow
A: fangs 1, strong nose, distributed training
a: Renounce Religion, Shadow Step, Shadow Form


You were on level 12 of the Dungeon.
You worshipped Dithmenos.
Dithmenos was extremely pleased with you.
You visited 3 branches of the dungeon, and saw 19 of its levels.
You also visited: Ossuary.

You collected 1508 gold pieces.
You spent 209 gold pieces at shops.

Inventory:

Hand Weapons
 a - a +2 shortbow of freezing
 m - a +3 long sword of freezing
 z - a +4 quarterstaff of chaos
 J - a +3 scimitar of flaming
 K - a +0 arbalest
 S - a +0 vorpal hand crossbow
 V - the +4 scimitar of Entrepreneurial Spirit (weapon) {spect, rN+ Will+ Str+2}
   (You found it on level 11 of the Dungeon)

   When its wielder attacks, the weapon's spirit leaps out and strikes again.
   The spirit shares a part of any damage it takes with its wielder.
   Str:       It affects your strength (+2).
   rN:        It protects you from negative energy.
   Will:      It increases your willpower.
Armour
 b - a +0 leather armour
 h - a +0 helmet (worn)
 l - a +0 ring mail
 w - the -4 pair of boots of Hopscotch {Str+5 Dex-2 Stlth+}
   (You bought it in a shop on level 4 of the Dungeon)

   Str:       It affects your strength (+5).
   Dex:       It affects your dexterity (-2).
   Stlth:     It makes you more stealthy.
 y - a +2 cloak of poison resistance (worn)
 L - a +1 troll leather armour (worn)
 N - the +0 pair of gloves of Death's Door (worn) {rCorr Dex+5}
   (You acquired it on level 10 of the Dungeon)

   Dex:       It affects your dexterity (+5).
   rCorr:     It protects you from acid and corrosion.
 P - the +2 cloak of Temperance {Fly rC+}
   (You found it on level 9 of the Dungeon)

   rC:        It protects you from cold.
   Fly:       It grants you flight.
Jewellery
 d - a +4 ring of evasion (left hand)
 n - an amulet of regeneration (around neck)
 o - a +4 ring of slaying (right hand)
 x - a ring of positive energy
 M - the ring of the Kangaroo {Fire MP+9 Dex-5 SInv}
   (You found it on level 11 of the Dungeon)

   [ring of fire]

   It enhances your fire magic.
   Dex:       It affects your dexterity (-5).
   rF:        It protects you from fire.
   rC:        It makes you vulnerable to cold.
   MP:        It affects your magic capacity (+9).
   SInv:      It lets you see invisible.
 R - the amulet "Baid" {Spirit rC+ Dex+6}
   (You found it on level 12 of the Dungeon)

   [amulet of guardian spirit]

   It causes incoming damage to be divided between your reserves of health and
   magic.
   Dex:       It affects your dexterity (+6).
   rC:        It protects you from cold.
 X - an amulet of faith
 Z - the ring of Jufiots {Contam Drain Will++ AC+4 Dex+9}
   (You found it on level 4 of the Lair of Beasts)

   [ring of protection]

   AC:        It affects your AC (+4).
   Dex:       It affects your dexterity (+9).
   Contam:    It causes magical contamination when unequipped.
   Drain:     It drains your maximum health when unequipped.
   Will:      It greatly increases your willpower.
Wands
 C - a wand of acid (8)
 F - a wand of flame (47)
 O - a wand of polymorph (10)
 T - a wand of iceblast (8)
 W - a wand of mindburst (12)
 Y - a wand of paralysis (3)
Scrolls
 c - 6 scrolls of immolation
 f - 2 scrolls of fog
 g - a scroll of fear
 j - a scroll of summoning
 u - 2 scrolls of amnesia
 D - 2 scrolls of teleportation
 H - 9 scrolls of identify
 U - a scroll of brand weapon
Potions
 e - 2 potions of heal wounds
 i - 3 potions of attraction
 p - 3 potions of might
 q - 2 potions of ambrosia
 r - 4 potions of mutation
 s - 3 potions of lignification
 v - 5 potions of flight
 A - 3 potions of degeneration
 E - a potion of brilliance
 G - 8 potions of curing
 I - 2 potions of berserk rage
Miscellaneous
 k - a tin of tremorstones (2/2)
 B - a phial of floods
 Q - a condenser vane


   Skills:
 + Level 11.0 Fighting
 + Level 10.0 Short Blades
 + Level 10.0 Long Blades
 + Level 10.0 Axes
 + Level 10.0 Maces & Flails
 + Level 10.0 Polearms
 + Level 10.0 Staves
 + Level 10.0 Slings
 + Level 12.9 Bows
 + Level 10.0 Crossbows
 + Level 10.0 Throwing
 + Level 10.0 Armour
 + Level 11.0 Dodging
 + Level 10.3 Stealth
 + Level 10.0 Shields
 + Level 10.0 Unarmed Combat
 + Level 10.0 Spellcasting
 + Level 8.3 Conjurations
 + Level 8.3 Hexes
 + Level 8.3 Summonings
 + Level 8.3 Necromancy
 + Level 8.3 Translocations
 + Level 8.3 Transmutations
 + Level 8.3 Fire Magic
 + Level 8.3 Ice Magic
 + Level 8.3 Air Magic
 + Level 8.3 Earth Magic
 + Level 8.3 Poison Magic
 + Level 10.8 Invocations
 + Level 10.0 Evocations


You had 31 spell levels left.
You knew the following spells:

 Your Spells              Type           Power      Damage    Failure   Level
a - Vampiric Draining     Necr           19%        2d7       1%          3

Your spell library contained the following spells:

 Spells                   Type           Power      Damage    Failure   Level
 Animate Skeleton         Necr           38%        N/A       1%          1
 Beastly Appendage        Tmut           38%        N/A       1%          1
 Pain                     Necr           76%        1d7       1%          1
 Wereblood                Tmut           19%        N/A       1%          2
 Spider Form              Tmut/Pois      19%        N/A       1%          3
 Leda's Liquefaction      Hex/Erth       9%         N/A       5%          4
 Lee's Rapid Deconstruct  Erth           9%         3d8*      16%         5
 Statue Form              Tmut/Erth      12%        N/A       65%         6


Dungeon Overview and Level Annotations

Branches:
Dungeon (12/15)            Temple (1/1) D:6            Lair (6/6) D:8
 Shoals (0/4) Lair:3       Spider (0/4) Lair:4        Slime (0/5) Lair:6
    Orc (0/2) D:10        Ossuary (visited)

Altars:
Ashenzari
Cheibriados
Dithmenos
Elyvilon
Fedhas
Gozag
Hepliaklqana
Kikubaaqudgha
Makhleb
Nemelex Xobeh
Okawaru
Qazlal
Ru
Sif Muna
Trog
Uskayaw
Vehumet
Wu Jian
Xom
Yredelemnul
Zin
The Shining One

Shops:
D:4 [   D:9 [   D:10 *   D:11 [

Annotations:
D:7 2 transporters, BigAl's ghost, novice DjFE
Lair:2 2 transporters, manifold's ghost, journeyman MiFi
Lair:3 Rupert
Lair:6 exclusion: obsidian statue


Innate Abilities, Weirdness & Mutations

You have very sharp teeth.
Your uncanny sense of smell can sniff out nearby items.
Your experience applies equally to all skills.


Message History

Your Throwing skill increases to level 10!
Your Armour skill increases to level 10!
Your Shields skill increases to level 10!
Your Unarmed Combat skill increases to level 10!
Your Spellcasting skill increases to level 10!
Your Evocations skill increases to level 10!
Magic restored.
HP restored.
You see here a sphinx corpse.
There is an open door here.
Found a twisted runed staff.
You now have 1299 gold pieces (gained 12).
There is an open door here.
You see here a sphinx corpse.
As you open the door, it creaks loudly!
A tengu reaver comes into view.
It is wielding a +1 halberd and wearing a +2 scale mail of fire resistance.
The tengu reaver shouts!
You shoot a bolt. The bolt misses the tengu reaver.
The tengu reaver casts a spell at you. The bolt of lightning hits you!!
You shoot a bolt. The bolt hits the tengu reaver!
The tengu reaver is lightly wounded.
The tengu reaver hits you from afar with a +1 halberd!!
The tengu reaver casts a spell at you. The bolt of negative energy hits you!!!
You feel drained.
You emit a cloud of dark smoke.
You are too injured to fight recklessly!
The tengu reaver barely misses you.
The tengu reaver hits you from afar with a +1 halberd!
You feel stronger.
You feel a bond with the +4 scimitar of Entrepreneurial Spirit {spect, rN+ Will+ Str+2}.
V - the +4 scimitar of Entrepreneurial Spirit (weapon)
{spect, rN+ Will+ Str+2} The tengu reaver closely misses you.
The tengu reaver casts a spell at you. The bolt of negative energy misses you.
The tengu reaver hits you from afar with a +1 halberd!!
* * * LOW HITPOINT WARNING * * *
The tengu reaver points at you and mumbles some strange words.
The bolt of cold hits you!!
You die...

#...†...#....##.....##...#
#.......#...,∆#.....#.....
*#.......#.§####....##.....
#........#§##..'..###......
#..†.....#§#...####........
#........#§#.....'......#..
#........#Q#.....#.........
#........#.##...##'##......
*,,,,,,,,#@.#####...##.....
*,,,,,,,,#.....#.....#.....
*,,,,,,,,#.....'.....#..#..
*,,,,,,,,#.....#.....#.....
*,,,,,,,,#..#####...##.....
*,,,,,,,,#.##,,,##'##......
*,,,,,,,,#.#,,,,,#.........
*,,,,,,,,#†#,,,,,'......#..
*,,,,,,,,#.#,,,***#........


You could see a tengu reaver.

Vanquished Creatures
  A sphinx (D:12)
  A frost giant (D:12)
  A war gargoyle (D:12)
  A stone giant (D:12)
  3 dire elephants (Lair:6)
  Azrael (D:12)
  The ghost of StormphoenixUK the Severer, a journeyman DDFi of Makhleb (Lair:4)
  A yaktaur captain (D:12)
  A boulder beetle (Lair:6)
  A catoblepas (D:12)
  Erica (D:8)
  6 hydras
  The ghost of robertstho the Thaumaturge, a journeyman DjIE of Makhleb (D:11)
  5 two-headed ogres
  8 death yaks
  Urug (Lair:3)
  An iron troll (shapeshifter) (D:12)
  A spectral death yak (Lair:6)
  A spectral anaconda (Lair:6)
  Pikel (D:5)
  3 necromancers (Lair:6)
  2 deep elf pyromancers (D:12)
  An ugly thing (D:11)
  An orc sorcerer (D:9)
  3 oklob plants (D:10)
  4 manticores (D:12)
  A cyclops (D:12)
  2 black mambas
  Joseph (D:7)
  9 elephants
  A torpor snail (Lair:4)
  5 cane toads
  2 rime drakes
  2 unseen horrors
  2 kobold demonologists (D:10)
  6 komodo dragons
  An efreet (D:10)
  A freezing wraith (D:12)
  4 polar bears
  A hornet (D:12)
  3 trolls
  9 dream sheep
  8 blink frogs (Lair:6)
  A slime creature (Lair:6)
  A spectral elephant (Lair:6)
  3 centaur simulacra (D:11)
  3 meliai zombies (D:12)
  A shadow (D:11)
  2 wraiths
  A vampire (D:8)
  A fire elemental (D:12)
  5 wyverns
  5 basilisks
  2 dire elephant simulacra (Lair:6)
  41 yaks
  3 redbacks (Lair:4)
  2 steam dragons
  A death yak simulacrum (Lair:6)
  4 vampire mosquitoes (D:12)
  2 acid dragons
  15 water moccasins
  3 hell hounds (D:12)
  A floating eye (D:10)
  4 orc warriors
  5 ice beasts
  A sky beast (D:7)
  2 black bears
  An elephant skeleton (Lair:6)
  6 ogres
  A boggart (D:12)
  9 centaurs
  22 wolves
  A phantom (D:7)
  2 lemures (D:5)
  3 elf zombies (Ossuary)
  9 bullfrogs
  6 kobold brigands
  A scorpion (D:5)
  A cane toad simulacrum (Lair:6)
  4 gnoll sergeants
  13 wights
  An elephant simulacrum (Lair:6)
  16 killer bees
  9 electric eels
  4 howler monkeys
  4 lava snakes (Lair:5)
  10 centaur zombies
  Crazy Yiuf (D:4)
  9 hounds
  5 jellies
  4 orc priests
  2 iguanas
  4 orc wizards
  2 hound zombies (Ossuary)
  3 mummies (Ossuary)
  Robin (D:3)
  15 gnolls
  6 adders
  A shadow imp (D:6)
  4 white imps
  An ufetubus (D:6)
  3 adder zombies (Ossuary)
  A worm (D:2)
  2 dart slugs
  40 orcs
  6 endoplasms
  6 giant cockroaches
  A gnoll zombie (Ossuary)
  12 goblins
  9 hobgoblins
  4 jackals (D:1)
  6 quokkas
  9 ball pythons
  5 bats
  A frilled lizard (D:2)
  7 goblin zombies (Ossuary)
  2 hobgoblin zombies (Ossuary)
  4 jackal zombies (Ossuary)
  13 kobolds
  5 kobold zombies (Ossuary)
  4 quokka zombies (Ossuary)
  5 rats
  A rat zombie (Ossuary)
  A spectral hobgoblin (D:1)
547 creatures vanquished.

Vanquished Creatures (collateral kills)
  A goblin (D:4)
1 creature vanquished.

Vanquished Creatures (others)
  A jelly (D:8)
  31 fungi
  33 plants
  16 withered plants (Lair:6)
81 creatures vanquished.

Grand Total: 629 creatures vanquished

Notes
Turn   | Place    | Note
-------+----------+-------------------------------------------
     0 | D:1      | epen the Gnoll Hunter began the quest for the Orb.
     0 | D:1      | Reached XP level 1. HP: 20/20 MP: 1/1
    92 | D:1      | Reached XP level 2. HP: 26/26 MP: 2/2
   286 | D:1      | Found a faded altar of an unknown god.
   477 | D:1      | Reached XP level 3. HP: 31/31 MP: 3/3
   909 | D:2      | Reached skill level 1 in Invocations
   922 | D:2      | Reached skill level 1 in Short Blades
   922 | D:2      | Reached skill level 1 in Long Blades
   922 | D:2      | Reached skill level 1 in Axes
   922 | D:2      | Reached skill level 1 in Maces & Flails
   922 | D:2      | Reached skill level 1 in Polearms
   922 | D:2      | Reached skill level 1 in Staves
   922 | D:2      | Reached skill level 1 in Slings
   922 | D:2      | Reached skill level 1 in Crossbows
   922 | D:2      | Reached skill level 1 in Throwing
   922 | D:2      | Reached skill level 1 in Armour
   922 | D:2      | Reached skill level 1 in Shields
   922 | D:2      | Reached skill level 1 in Unarmed Combat
   922 | D:2      | Reached skill level 1 in Spellcasting
   922 | D:2      | Reached skill level 1 in Evocations
  1011 | D:2      | Reached XP level 4. HP: 38/38 MP: 5/5
  1297 | D:2      | Reached skill level 1 in Conjurations
  1297 | D:2      | Reached skill level 1 in Hexes
  1297 | D:2      | Reached skill level 1 in Summonings
  1297 | D:2      | Reached skill level 1 in Necromancy
  1297 | D:2      | Reached skill level 1 in Translocations
  1297 | D:2      | Reached skill level 1 in Transmutations
  1297 | D:2      | Reached skill level 1 in Fire Magic
  1297 | D:2      | Reached skill level 1 in Ice Magic
  1297 | D:2      | Reached skill level 1 in Air Magic
  1297 | D:2      | Reached skill level 1 in Earth Magic
  1297 | D:2      | Reached skill level 1 in Poison Magic
  1529 | D:3      | Noticed Robin
  1532 | D:3      | Killed Robin
  1537 | D:3      | Reached XP level 5. HP: 39/43 MP: 6/6
  2309 | D:4      | Reached XP level 6. HP: 50/50 MP: 8/8
  2327 | D:4      | Found a sand-covered staircase.
  2337 | Ossuary  | Entered an ossuary
  2390 | Ossuary  | Reached skill level 5 in Fighting
  2390 | Ossuary  | Reached skill level 5 in Dodging
  2491 | Ossuary  | Reached XP level 7. HP: 56/56 MP: 10/10
  2809 | D:4      | Found Nuycw's Antique Armour Shop.
  2822 | D:4      | Bought a pair of steaming boots for 209 gold pieces
  2822 | D:4      | Identified the -4 pair of boots of Hopscotch {Str+5 Dex-2
                  | Stlth+} (You bought it in a shop on level 4 of the Dungeon)
  3015 | D:4      | Found a runed translucent door.
  3016 | D:4      | Noticed Crazy Yiuf
  3125 | D:4      | Reached skill level 9 in Bows
  3237 | D:4      | Killed Crazy Yiuf
  3274 | D:5      | Entered Level 5 of the Dungeon
  3282 | D:5      | Noticed Pikel
  3299 | D:5      | Killed Pikel
  3300 | D:5      | Reached XP level 8. HP: 48/64 MP: 10/12
  4468 | D:6      | Noticed a wyvern
  4476 | D:6      | Killed a wyvern
  4477 | D:6      | Reached XP level 9. HP: 69/69 MP: 14/14
  4828 | D:6      | Found a staircase to the Ecumenical Temple.
  4865 | Temple   | Entered the Ecumenical Temple
  5432 | D:7      | Found a transporter.
  5500 | D:7      | Found a transporter.
  5510 | D:7      | Noticed BigAl's ghost (novice DjFE)
  5616 | D:7      | Reached skill level 5 in Stealth
  5717 | D:7      | Found a shimmering blue altar of Sif Muna.
  5779 | D:7      | Reached skill level 5 in Invocations
  5830 | D:7      | Found a blossoming altar of Fedhas.
  5977 | D:7      | Noticed Joseph
  5987 | D:7      | Killed Joseph
  5988 | D:7      | Reached XP level 10. HP: 43/77 MP: 17/17
  6174 | D:7      | Found a white marble altar of Elyvilon.
  6174 | D:7      | Found a glowing silver altar of Zin.
  6175 | D:7      | Found a glowing golden altar of the Shining One.
  6304 | D:8      | Reached skill level 5 in Short Blades
  6304 | D:8      | Reached skill level 5 in Long Blades
  6304 | D:8      | Reached skill level 5 in Axes
  6304 | D:8      | Reached skill level 5 in Maces & Flails
  6304 | D:8      | Reached skill level 5 in Polearms
  6304 | D:8      | Reached skill level 5 in Staves
  6304 | D:8      | Reached skill level 5 in Slings
  6304 | D:8      | Reached skill level 5 in Crossbows
  6304 | D:8      | Reached skill level 5 in Throwing
  6304 | D:8      | Reached skill level 5 in Armour
  6304 | D:8      | Reached skill level 5 in Shields
  6304 | D:8      | Reached skill level 5 in Unarmed Combat
  6304 | D:8      | Reached skill level 5 in Spellcasting
  6304 | D:8      | Reached skill level 5 in Evocations
  6324 | D:8      | Reached skill level 10 in Bows
  6402 | D:8      | Noticed Erica
  6438 | D:8      | Killed Erica
  7060 | D:8      | Found a staircase to the Lair.
  7473 | D:9      | Noticed an orc sorcerer
  7478 | D:9      | Noticed a smoke demon
  7479 | D:9      | Killed an orc sorcerer
  7480 | D:9      | Reached XP level 11. HP: 44/84 MP: 19/19
  7511 | D:9      | Identified the +2 cloak of Temperance {Fly rC+}
  7602 | D:9      | Found Buttaigh's Armour Emporium.
  7667 | D:9      | Noticed a two-headed ogre
  7690 | D:9      | Killed a two-headed ogre
  7774 | D:9      | Reached skill level 5 in Conjurations
  7774 | D:9      | Reached skill level 5 in Hexes
  7774 | D:9      | Reached skill level 5 in Summonings
  7774 | D:9      | Reached skill level 5 in Necromancy
  7774 | D:9      | Reached skill level 5 in Translocations
  7774 | D:9      | Reached skill level 5 in Transmutations
  7774 | D:9      | Reached skill level 5 in Fire Magic
  7774 | D:9      | Reached skill level 5 in Ice Magic
  7774 | D:9      | Reached skill level 5 in Air Magic
  7774 | D:9      | Reached skill level 5 in Earth Magic
  7774 | D:9      | Reached skill level 5 in Poison Magic
  7865 | D:9      | Found a broken altar of Ashenzari.
  7865 | D:9      | Found a bloodstained altar of Trog.
  7881 | D:9      | Found a shadowy altar of Dithmenos.
  7882 | D:9      | Found an ancient bone altar of Kikubaaqudgha.
  7884 | D:9      | Found a sacrificial altar of Ru.
  7886 | D:9      | Became a worshipper of Dithmenos the Shadowed
  7887 | D:9      | Found a basalt altar of Yredelemnul.
  7889 | D:9      | Found an ornate altar of the Wu Jian Council.
  7894 | D:9      | Found a snail-covered altar of Cheibriados.
  8090 | D:10     | Entered Level 10 of the Dungeon
  8134 | D:10     | Noticed a sun demon
  8283 | D:10     | Noticed an oklob plant
  8284 | D:10     | Noticed an oklob plant
  8301 | D:10     | Found Bizy's General Store.
  8310 | D:10     | Identified a scroll of acquirement
  8310 | D:10     | Acquired the +0 pair of gloves of Death's Door {rCorr
                  | Dex+5}
  8366 | D:10     | Noticed an oklob plant
  8375 | D:10     | Killed an oklob plant
  8389 | D:10     | Killed an oklob plant
  8453 | D:10     | Killed an oklob plant
  8764 | D:10     | Noticed a two-headed ogre
  8778 | D:10     | Killed a two-headed ogre
  8885 | D:10     | Found a staircase to the Orcish Mines.
  8914 | D:10     | Reached * piety under Dithmenos
  8995 | D:10     | Reached XP level 12. HP: 94/94 MP: 22/22
  9009 | D:10     | Reached skill level 11 in Bows
  9257 | D:11     | Noticed robertstho's ghost (journeyman DjIE)
  9379 | D:11     | Noticed a two-headed ogre
  9397 | D:11     | Killed a two-headed ogre
  9467 | D:11     | Found Xyotaust's Armour Shoppe.
  9548 | D:11     | Reached ** piety under Dithmenos
  9784 | D:11     | Found a runed translucent gate.
  9784 | D:11     | Found a runed translucent gate.
  9784 | D:11     | Found a runed translucent gate.
  9970 | D:11     | Killed robertstho's ghost
 10031 | D:11     | Got the ring of the Kangaroo {Fire MP+9 Dex-5 SInv}
 10034 | D:11     | Identified the +4 scimitar of Entrepreneurial Spirit
                  | {spect, rN+ Will+ Str+2}
 10209 | D:12     | Noticed a two-headed ogre
 10387 | Lair:1   | Entered Level 1 of the Lair of Beasts
 10664 | Lair:1   | Noticed a six-headed hydra
 10672 | Lair:1   | Killed a six-headed hydra
 11177 | Lair:2   | Found a glowing golden altar of the Shining One.
 11346 | Lair:2   | Reached *** piety under Dithmenos
 11358 | Lair:2   | Reached XP level 13. HP: 101/101 MP: 24/24
 11412 | Lair:2   | Found a transporter.
 11412 | Lair:2   | Noticed manifold's ghost (journeyman MiFi)
 11419 | Lair:2   | Found a transporter.
 11747 | Lair:2   | Learned a level 3 spell: Vampiric Draining
 11822 | Lair:3   | Noticed Rupert
 11860 | Lair:3   | Noticed Urug
 11873 | Lair:3   | Killed Urug
 12057 | Lair:3   | Found a staircase to the Shoals.
 12140 | Lair:3   | Paralysed by Rupert for 5 turns
 12949 | Lair:4   | You fall into a shaft and drop 2 floors!
 12949 | Lair:6   | Entered Level 6 of the Lair of Beasts
 13096 | Lair:6   | Noticed a dire elephant
 13096 | Lair:6   | Noticed a dire elephant
 13096 | Lair:6   | Noticed a dire elephant
 13336 | Lair:6   | Identified the +2 cloak "Sykimuus" {Str+2}
 13372 | Lair:6   | Reached skill level 12 in Bows
 13406 | Lair:6   | Reached **** piety under Dithmenos
 13752 | Lair:4   | Found a hole to the Spider Nest.
 13864 | Lair:4   | Reached skill level 10 in Fighting
 13864 | Lair:4   | Reached skill level 10 in Dodging
 14251 | Lair:4   | Reached XP level 14. HP: 90/110 MP: 26/26
 14419 | Lair:4   | Found a runed translucent door.
 14420 | Lair:4   | Noticed StormphoenixUK's ghost (journeyman DDFi)
 14441 | Lair:4   | Killed StormphoenixUK's ghost
 14446 | Lair:4   | Identified the ring of Jufiots {Contam Drain Will++ AC+4
                  | Dex+9}
 15468 | Lair:6   | Reached skill level 10 in Invocations
 15523 | Lair:6   | Reached ***** piety under Dithmenos
 15654 | Lair:6   | Found a staircase to the Slime Pits.
 16147 | Lair:6   | Killed a dire elephant
 16151 | Lair:6   | Killed a dire elephant
 16156 | Lair:6   | Killed a dire elephant
 16662 | D:12     | Found a basalt altar of Yredelemnul.
 16743 | D:12     | Identified the +5 ring mail of Midwinter {rElec Int+2}
 16840 | D:12     | Reached skill level 10 in Stealth
 16952 | D:12     | Noticed Azrael
 16969 | D:12     | Killed Azrael
 16970 | D:12     | Reached XP level 15. HP: 59/117 MP: 28/28
 17018 | D:12     | Noticed a frost giant
 17027 | D:12     | Killed a frost giant
 17066 | D:12     | Noticed a sphinx
 17066 | D:12     | an iron troll changed into a sphinx
 17067 | D:12     | Noticed a shadow dragon
 17067 | D:12     | a sphinx changed into a shadow dragon
 17071 | D:12     | Noticed a fire giant
 17071 | D:12     | a shadow dragon changed into a fire giant
 17074 | D:12     | a fire giant changed into an eleionoma
 17081 | D:12     | Noticed a quicksilver dragon
 17081 | D:12     | a dire elephant changed into a quicksilver dragon
 17082 | D:12     | Noticed a fenstrider witch
 17082 | D:12     | a quicksilver dragon changed into a fenstrider witch
 17084 | D:12     | a fenstrider witch changed into a stone giant
 17348 | D:12     | Identified the amulet "Baid" {Spirit rC+ Dex+6}
 17479 | D:12     | Noticed a sphinx
 17486 | D:12     | Paralysed by a sphinx for 3 turns
 17491 | D:12     | Killed a sphinx
 17492 | D:12     | Reached skill level 10 in Short Blades
 17492 | D:12     | Reached skill level 10 in Long Blades
 17492 | D:12     | Reached skill level 10 in Axes
 17492 | D:12     | Reached skill level 10 in Maces & Flails
 17492 | D:12     | Reached skill level 10 in Polearms
 17492 | D:12     | Reached skill level 10 in Staves
 17492 | D:12     | Reached skill level 10 in Slings
 17492 | D:12     | Reached skill level 10 in Crossbows
 17492 | D:12     | Reached skill level 10 in Throwing
 17492 | D:12     | Reached skill level 10 in Armour
 17492 | D:12     | Reached skill level 10 in Shields
 17492 | D:12     | Reached skill level 10 in Unarmed Combat
 17492 | D:12     | Reached skill level 10 in Spellcasting
 17492 | D:12     | Reached skill level 10 in Evocations
 17527 | D:12     | Noticed a tengu reaver
 17536 | D:12     | Killed from afar by a tengu reaver

Illustrated notes

Levels and vault maps discovered:
D:1:      lemuel_arrival_funnel, layout_basic,
          dreamdust_ecumenical_altar_drowned_temple, minmay_small_reverse_x
D:2:      layout_loops_ring
D:3:      layout_loops_ring, uniq_robin
D:4:      layout_cave_pools, nicolae_ossuary_entry_plus, serial_shops,
          nicolae_shop_hallway_plus, uniq_crazy_yiuf_cottage
D:5:      layout_layer_cave, uniq_pikel
D:6:      layout_basic, minmay_temple_entry_statues_pillars,
          kennysheep_generic_room_9
D:7:      layout_rooms, good_gods_mini_temple, overflow_temple_1_default,
          mainiacjoe_overflow_24_doors, gammafunk_ghost_gnarly_gnolls,
          dk_vineyard_3, chequers_serial_rivers_room_b,
          kennysheep_generic_room_16, uniq_joseph
D:8:      layout_layer_cave, erik_lair_island, lightli_orcish_oven, uniq_erica
D:9:      cheibrodos_wizards_tower, layout_loops_cross,
          nicolae_overflow_hallway_of_the_gods, serial_shops,
          nicolae_shop_waterfront
D:10:     layout_roguey, kennysheep_orc_monster_closet_entryway, serial_shops,
          shop, disabler_island
D:11:     layout_roguey, serial_shops, nicolae_shop_window_shopping,
          gammafunk_ghost_icy
D:12:     minmay_box_of_curves, layout_irregular_city,
          nicolae_yredelemnul_corpse_copse, uniq_azrael
Temple:   jpeg_temple_island
Lair:1:   layout_chaotic_city, grunt_megastairs_1
Lair:2:   layout_gridlike, basic_altar, gammafunk_ghost_arena,
          lemuel_fruit_tree, serial_bayou_shore_a
Lair:3:   layout_regular_city, shoals_dummy_entry,
          cheibrodos_lair_caveside_slide, uniq_urug, uniq_rupert
Lair:4:   layout_layer_cave, spider_nest_entry_webs, ebering_ghost_inner_flame
Lair:5:   layout_cellular_growth, nicolae_lair_liquid_snakes
Lair:6:   due_jungle_book, layout_loops_ring, minmay_slime_entry_pillars,
          grunt_megastairs_4, lemuel_fruit_fields

Skill      XL: |  1  2  3  4  5  6  7  8  9 10 11 12 13 14 15 |
---------------+----------------------------------------------+-----
Invocations    | 1 2 3 4 5 6 7 8 9 10 | 10.8
Short Blades   | 1 2 3 4 5 6 7 8 9 10 | 10.0
Long Blades    | 1 2 3 4 5 6 7 8 9 10 | 10.0
Axes           | 1 2 3 4 5 6 7 8 9 10 | 10.0
Maces & Flails | 1 2 3 4 5 6 7 8 9 10 | 10.0
Polearms       | 1 2 3 4 5 6 7 8 9 10 | 10.0
Staves         | 1 2 3 4 5 6 7 8 9 10 | 10.0
Slings         | 1 2 3 4 5 6 7 8 9 10 | 10.0
Crossbows      | 1 2 3 4 5 6 7 8 9 10 | 10.0
Throwing       | 1 2 3 4 5 6 7 8 9 10 | 10.0
Armour         | 1 2 3 4 5 6 7 8 9 10 | 10.0
Shields        | 1 2 3 4 5 6 7 8 9 10 | 10.0
Unarmed Combat | 1 2 3 4 5 6 7 8 9 10 | 10.0
Spellcasting   | 1 2 3 4 5 6 7 8 9 10 | 10.0
Evocations     | 1 2 3 4 5 6 7 8 9 10 | 10.0
Conjurations   | 1 2 3 4 5 6 7 8 |  8.3
Hexes          | 1 2 3 4 5 6 7 8 |  8.3
Summonings     | 1 2 3 4 5 6 7 8 |  8.3
Necromancy     | 1 2 3 4 5 6 7 8 |  8.3
Translocations | 1 2 3 4 5 6 7 8 |  8.3
Transmutations | 1 2 3 4 5 6 7 8 |  8.3
Fire Magic     | 1 2 3 4 5 6 7 8 |  8.3
Ice Magic      | 1 2 3 4 5 6 7 8 |  8.3
Air Magic      | 1 2 3 4 5 6 7 8 |  8.3
Earth Magic    | 1 2 3 4 5 6 7 8 |  8.3
Poison Magic   | 1 2 3 4 5 6 7 8 |  8.3
Stealth        | 3 4 5 6 7 8 9 10 | 10.3
Fighting       | 5 6 7 8 9 10 11 | 11.0
Dodging        | 5 6 7 8 9 10 11 | 11.0
Bows           | 9 10 11 12 | 12.9

Action                   |  1- 3 |  4- 6 |  7- 9 | 10-12 | 13-15 || total
-------------------------+-------+-------+-------+-------+-------++-------
Melee: Shortbow          |       |       |     1 |       |     1 ||     2
       Quarterstaff      |       |       |       |    10 |       ||    10
       Bite              |       |       |       |     3 |    71 ||    74
       Long sword        |       |       |       |     3 |       ||     3
       Scimitar          |       |       |       |       |   287 ||   287
       Punch             |       |       |       |       |    21 ||    21
 Fire: Shortbow          |    87 |   177 |   316 |   593 |   560 ||  1733
       Hand crossbow     |       |       |       |   278 |       ||   278
       Arbalest          |       |       |       |       |    13 ||    13
Throw: Throwing net      |       |       |       |     4 |     1 ||     5
Evoke: Condenser vane    |       |       |       |     1 |       ||     1
       Wand              |       |       |       |       |     4 ||     4
  Use: Scroll            |       |     5 |     7 |    12 |     6 ||    30
       Potion            |       |       |       |     3 |     4 ||     7
 Stab: Sleeping          |       |       |       |       |    10 ||    10
       Distracted        |       |       |       |       |     3 ||     3
Armor: Leather armour    |     6 |    10 |       |       |       ||    16
       Ring mail         |       |     8 |    38 |    28 |       ||    74
       Troll leather arm |       |       |       |    88 |   104 ||   192
Dodge: Dodged            |    25 |    63 |   110 |   716 |   754 ||  1668

Table legend: (Time is in decaauts)
 A = Elapsed time spent in this place.
 B = Non-inter-level travel time spent in this place.
 C = Inter-level travel time spent in this place.
 D = Time resting spent in this place.
 E = Time spent auto-exploring this place.
 F = Levels seen in this place.
 G = Mean time per level.
                   A        B        C        D        E       F      G
               +--------+--------+--------+--------+--------+-----+--------+
         Total |  17743 |  16808 |    935 |    898 |  11687 |  20 |  887.2 |
       Dungeon |  11108 |  10625 |    483 |    625 |   7450 |  12 |  925.7 |
        Temple |    317 |    297 |     20 |      0 |    262 |   1 |  317.0 |
          Lair |   5990 |   5559 |    431 |    273 |   3814 |   6 |  998.3 |
       Ossuary |    327 |    327 |      0 |      0 |    159 |   1 |  327.0 |
               +--------+--------+--------+--------+--------+-----+--------+

Top non-repeatable levels by time:
  Lair:6: 1418 daAuts
     D:8: 1257 daAuts
    D:12: 1219 daAuts
     D:5: 1172 daAuts
    D:10: 1150 daAuts
  Lair:4: 1115 daAuts
  Lair:3: 1075 daAuts
    D:11: 1021 daAuts
     D:3: 888 daAuts
  Lair:5: 870 daAuts
  Lair:2: 855 daAuts
     D:7: 847 daAuts
     D:1: 836 daAuts
     D:9: 716 daAuts
     D:6: 715 daAuts
